 Dungeon Crawl Stone Soup version 0.30-a0-802-gb92711bcdf (webtiles) character file.

Game seed: 4636906921916705946

400 voltaire321 the Covert (level 6, -2/44 HPs)
             Began as an Octopode Delver on Feb 23, 2023.
             Slain by an iguana (5 damage)
             ... on level 5 of the Dungeon.
             The game lasted 00:08:32 (3785 turns).

voltaire321 the Covert (Octopode Delver)            Turns: 3785, Time: 00:08:33

Health: -2/44      AC:  1    Str: 15    XL:     6   Next: 84%
Magic:  6/6        EV: 14    Int: 12    God:
Gold:   356        SH:  0    Dex: 15    Spells: 5/5 levels left

rFire   . . .      SeeInvis .    z - +9 spear of True Grit {elec, Str+3}
rCold   . . .      Faith    .    (no shield)
rNeg    . . .      Spirit   .    (helmet restricted)
rPois   .          Reflect  .    (no amulet)
rElec   .          Harm     .    (no ring)
rCorr   .          Rampage  .    (no ring)
Will    .....                    (no ring)
Stlth   +++++                    (no ring)
HPRegen 0.27/turn                (no ring)
MPRegen 0.10/turn                (no ring)
                                 (no ring)
                                 (no ring)

@: no status effects
A: almost no armour, amphibious, 8 rings, camouflage 1, gelatinous body 1,
(nimble swimmer 1), tentacles
a: no special abilities


You were on level 5 of the Dungeon.
You visited 1 branch of the dungeon, and saw 5 of its levels.
You also visited: Sewer.

You collected 356 gold pieces.

Inventory:

Hand Weapons
 h - a +1 short sword of flaming
 z - the +9 spear of True Grit (weapon) {elec, Str+3}
   (You found it on level 4 of the Dungeon)

   Str:       It affects your strength (+3).
Missiles
 s - 4 poisoned darts (quivered)
 A - a boomerang
Magical Staves
 t - a staff of air
 x - a staff of earth
Wands
 a - a wand of flame (10)
 f - a wand of digging (3)
Scrolls
 b - a scroll of fog
 c - 2 scrolls of teleportation {unknown}
 d - 2 scrolls of fear
 k - 2 scrolls of poison {unknown}
 m - 2 scrolls of blinking {unknown}
 n - 2 scrolls of enchant armour {unknown}
 p - a scroll of immolation {unknown}
 q - 3 scrolls of identify {unknown}
 u - a scroll of enchant weapon {unknown}
 v - 2 scrolls of magic mapping
 y - 3 scrolls of noise {unknown}
Potions
 e - 2 potions of haste
 g - 2 potions of brilliance {unknown}
 i - a potion of magic {unknown}
 j - 2 potions of degeneration {unknown}
 l - 6 potions of curing {unknown}
 o - a potion of attraction {unknown}
 r - a potion of berserk rage {unknown}
 w - a potion of lignification {unknown}


   Skills:
 + Level 4.4 Fighting
 + Level 3.8 Short Blades
 + Level 3.9 Dodging
 + Level 8.1 Stealth


You had 5 spell levels left.
You didn't know any spells.
Your spell library contained the following spells:

 Spells                   Type           Power      Damage    Failure   Level
 Lesser Beckoning         Tloc           0%         N/A       45%         2
 Gell's Gravitas          Tloc           0%         N/A       69%         3
 Teleport Other           Tloc           0%         N/A       69%         3
 Malign Gateway           Summ/Tloc      0%         N/A       100%        7
 Summon Horrible Things   Summ           0%         N/A       100%        8


Dungeon Overview and Level Annotations

Branches:
Dungeon (5/15)             Temple (0/1) D:5           Sewer (visited)

Altars:
Okawaru

Shops:
D:5 (

Annotations:
D:5 1 runed translucent door, F1ng0rz's ghost, amateur FoHu


Innate Abilities, Weirdness & Mutations

You cannot wear most types of armour.
You are amphibious.
You can wear up to eight rings at the same time.
Your skin changes colour to match your surroundings (Stealth+).
Your rubbery body absorbs attacks. (AC +1, EV +1)
((You are camouflaged when in or above water. (Stealth+)))
You have tentacles for arms and can constrict up to eight enemies at once.


Message History

Press: ? - help, Q - select action, (/) - cycle Shift-Dir - straight line, f - ogre
Aim: an ogre, wielding a +0 giant spiked club (75% to hit)
You throw a poisoned dart. The poisoned dart hits the ogre.
The ogre is poisoned.
The iguana hisses angrily.
Throw: 5 darts (poison)
Press: ? - help, Q - select action, (/) - cycle Shift-Dir - straight line, f/p - ogre
Aim: an ogre, wielding a +0 giant spiked club (poisoned, 75% to hit)
You throw a poisoned dart.
The poisoned dart barely misses the ogre.
The poisoned dart hits the adder.
The adder is poisoned.
You reach to attack!
You puncture the ogre! Lightning courses through the ogre!
The ogre is severely wounded.
There are monsters nearby!
You hit the ogre.
The ogre is almost dead.
The ogre looks more healthy.
The ogre barely misses you. The adder barely misses you.
You barely miss the ogre.
The ogre is almost dead.
The adder bites you but does no damage.
The ogre hits you with a +0 giant spiked club!!
You closely miss the ogre. Your squeeze misses the ogre.
The ogre is almost dead.
The adder bites you but does no damage. The iguana closely misses you.
You barely miss the ogre.
The ogre is almost dead.
The adder barely misses you. The iguana bites you!
The ogre hits you with a +0 giant spiked club.
* * * LOW HITPOINT WARNING * * *
The adder barely misses you.
You hit the ogre. Lightning courses through the ogre!
You kill the ogre!
The adder bites you.
* * * LOW HITPOINT WARNING * * *
The iguana misses you.
You puncture the adder!
You kill the adder!
The iguana closely misses you. The iguana bites you.
You die...

#..............#####........
#...⌠...).......##..........
##...<.)...................
##....)...................
#.........................
...........#.....####.......
..........#.#.....###........
#...............(............
#.#........#@..............#.
..#.........)l............#.#
.........................#.
....#...................
..................#.....
.......(..........#....#
.......(..........#...#.
..................#..#..
..................#.#...


You could see an iguana.

Vanquished Creatures
  A water moccasin (Sewer)
  An ogre (D:5)
  An iguana (D:4)
  A river rat (D:4)
  9 adders
  7 worms
  2 dart slugs
  9 orcs
  9 bats
  5 endoplasms
  2 giant cockroaches (D:4)
  4 goblins
  2 hobgoblins (D:3)
  6 jackals
  4 kobolds
  2 quokkas
  6 ball pythons
  5 frilled lizards
  4 rats
80 creatures vanquished.

Vanquished Creatures (others)
  A demonspawn (D:1)
  An octopode (D:1)
  A vine stalker (D:1)
  A troll (D:1)
  A merfolk (D:1)
  A formicid (D:1)
  A human (D:1)
  A demigod (D:1)
  3 dwarves (D:1)
  A tengu (D:1)
  6 tentacles (D:1)
18 creatures vanquished.

Grand Total: 98 creatures vanquished

Notes
Turn   | Place    | Note
-------+----------+-------------------------------------------
     0 | D:5      | voltaire321 the Octopode Delver began the quest for the
                  | Orb.
     0 | D:5      | Reached XP level 1. HP: 16/16 MP: 1/1
    17 | D:5      | Found a runed translucent door.
    17 | D:5      | Noticed F1ng0rz's ghost (amateur FoHu)
    51 | D:5      | Noticed a scorpion
   265 | D:4      | Reached XP level 2. HP: 6/21 MP: 2/2
   267 | D:4      | HP: 1/21 [river rat (6)]
   338 | D:4      | Reached XP level 3. HP: 26/26 MP: 3/3
   347 | D:4      | Found a glowing drain.
   353 | Sewer    | Entered a sewer
   375 | Sewer    | Reached skill level 7 in Stealth
   383 | Sewer    | Noticed a water moccasin
   396 | Sewer    | Killed a water moccasin
   397 | Sewer    | Reached XP level 4. HP: 23/33 MP: 4/4
   397 | Sewer    | Reached XP level 5. HP: 26/37 MP: 5/5
   736 | D:1      | Killed a human
   737 | D:1      | Killed a dwarf
   737 | D:1      | Killed a vine stalker
   738 | D:1      | Killed an octopode
   740 | D:1      | Killed a merfolk
   741 | D:1      | Killed a formicid
   741 | D:1      | Killed a tengu
   742 | D:1      | Killed a demigod
   742 | D:1      | Killed a dwarf
   744 | D:1      | Killed a dwarf
   745 | D:1      | Killed a demonspawn
   746 | D:1      | Killed a troll
   803 | D:1      | Noticed a kraken
   944 | D:1      | Found a faded altar of an unknown god.
  1587 | D:2      | Found an iron altar of Okawaru.
  1613 | D:2      | Reached XP level 6. HP: 43/43 MP: 6/6
  2924 | D:4      | Identified the +9 spear of True Grit {elec, Str+3}
  3675 | D:5      | Found a staircase to the Ecumenical Temple.
  3685 | D:5      | Reached skill level 8 in Stealth
  3785 | D:5      | Slain by an iguana

Illustrated notes

Levels and vault maps discovered:
D:1:      nicolae_arrival_kraken_aquarium_a, layout_loops_ring,
          shapermc_ecumenical_altar_mp_vishouse, nicolae_figureground_pulse
D:2:      layout_loops_ring, basic_altar
D:3:      layout_loops_ring
D:4:      layout_layer_cave, gup_sewer_entry_bubbles, corexii_hall_statues_t
D:5:      layout_layer_cave, temple_fountains, serial_shops, shop_fountains,
          gammafunk_ghost_grave, hangedman_decor_opposing, minmay_misc_feat_room

Skill      XL: |  1  2  3  4  5  6 |
---------------+-------------------+-----
Stealth        | 7 8 |  8.1
Short Blades   | 3 |  3.8
Dodging        | 3 |  3.9
Fighting       | 4 |  4.4

Action                     |  1- 3 |  4- 6 || total
---------------------------+-------+-------++-------
  Melee: Short sword       |    34 |   109 ||   143
         Constrict         |    11 |    24 ||    35
         Punch             |     1 |     1 ||     2
         Tentacles         |     3 |    22 ||    25
         Spear             |       |    18 ||    18
  Throw: Dart              |       |     2 ||     2
    Use: Scroll            |     1 |       ||     1
         Potion            |     1 |       ||     1
   Stab: Sleeping          |     6 |    26 ||    32
 Armour: Skin              |     7 |     6 ||    13
  Dodge: Dodged            |    38 |    57 ||    95

Table legend: (Time is in decaauts)
 A = Elapsed time spent in this place.
 B = Non-inter-level travel time spent in this place.
 C = Inter-level travel time spent in this place.
 D = Time resting spent in this place.
 E = Time spent auto-exploring this place.
 F = Levels seen in this place.
 G = Mean time per level.
                   A        B        C        D        E       F      G
               +--------+--------+--------+--------+--------+-----+--------+
         Total |   3762 |   3650 |    112 |    276 |   2454 |   6 |  627.0 |
       Dungeon |   3619 |   3507 |    112 |    208 |   2450 |   5 |  723.8 |
         Sewer |    143 |    143 |      0 |     68 |      4 |   1 |  143.0 |
               +--------+--------+--------+--------+--------+-----+--------+

Top non-repeatable levels by time:
     D:4: 1450 daAuts
     D:2: 641 daAuts
     D:3: 633 daAuts
     D:1: 621 daAuts
     D:5: 271 daAuts
   Sewer: 143 daAuts
